 Dungeon Crawl Stone Soup version 0.21.0-3-g78d12a8 (webtiles) character file.

1227 manyhoops the Twirler (level 8, -1/64 HPs)
             Began as a Gnoll Wanderer on Jan 11, 2018.
             Was an Initiate of Okawaru.
             Slain by Prince Ribbit (11 damage)
             ... on level 5 of the Dungeon.
             The game lasted 00:09:24 (5127 turns).

manyhoops the Twirler (Gnoll Wanderer)              Turns: 5127, Time: 00:09:24

Health: -1/64      AC: 11    Str: 17    XL:     8   Next: 48%
Magic:  12/12      EV: 11    Int: 13    God:    Okawaru [......]
Gold:   137        SH:  0    Dex: 18    Spells: 13/13 levels left

rFire    . . .     SeeInvis .   k - +2 falchion (elec)
rCold    . . .     Gourm    .   (no shield)
rNeg     . . .     Faith    .   o - +0 scale mail
rPois    .         Spirit   .   (no helmet)
rElec    .         Reflect  .   (no cloak)
rCorr    .         Harm     .   a - +1 pair of gloves
MR       .....     Rnd*Rage +   m - +0 pair of boots
Stlth    ++........             (no amulet)
HPRegen  0.20/turn              (no ring)
MPRegen  0.13/turn              (no ring)

@: heavily drained
A: distributed training, claws 1, fangs 1, icy blue scales 1, berserk 1, clever
1, sense surroundings 1, strong nose
a: Renounce Religion


You were on level 5 of the Dungeon.
You worshipped Okawaru.
Okawaru was noncommittal.
You were not hungry.

You visited 2 branches of the dungeon, and saw 6 of its levels.

You collected 137 gold pieces.

Inventory:

Hand Weapons
 i - a +1 whip of electrocution
 k - a +2 falchion of electrocution (weapon)
 n - a +0 hunting sling
Missiles
 b - 5 tomahawks (quivered)
 g - 66 stones
 h - 23 sling bullets
Armour
 a - a +1 pair of gloves (worn)
 m - a +0 pair of boots (worn)
 o - a +0 scale mail (worn)
Scrolls
 c - 4 scrolls of teleportation
 e - 3 scrolls of identify
 l - a scroll of noise
 p - a scroll of immolation
Potions
 r - a potion of curing
Comestibles
 f - 4 rations
 q - 2 chunks of flesh


   Skills:
 + Level 5.6(4.1) Fighting
 + Level 3.2(1.7) Short Blades
 + Level 3.2(1.7) Long Blades
 + Level 3.2(1.7) Axes
 + Level 3.2(1.7) Maces & Flails
 + Level 3.2(1.7) Polearms
 + Level 7.3(5.7) Staves
 + Level 3.2(1.7) Slings
 + Level 3.2(1.7) Bows
 + Level 3.2(1.7) Crossbows
 + Level 3.2(1.7) Throwing
 + Level 3.2(1.7) Armour
 + Level 4.2(2.7) Dodging
 + Level 6.8(5.2) Stealth
 + Level 3.2(1.7) Shields
 + Level 3.2(1.7) Unarmed Combat
 + Level 3.2(1.7) Spellcasting
 + Level 2.6(1.2) Conjurations
 + Level 2.6(1.2) Hexes
 + Level 2.6(1.2) Charms
 + Level 2.6(1.2) Summonings
 + Level 2.6(1.2) Necromancy
 + Level 2.6(1.2) Translocations
 + Level 2.6(1.2) Transmutations
 + Level 2.6(1.2) Fire Magic
 + Level 2.6(1.2) Ice Magic
 + Level 2.6(1.2) Air Magic
 + Level 2.6(1.2) Earth Magic
 + Level 2.6(1.2) Poison Magic
 + Level 3.5(2.1) Invocations
 + Level 4.2(2.7) Evocations


You had 13 spell levels left.
You didn't know any spells.

Dungeon Overview and Level Annotations

Branches:
Dungeon (5/15)             Temple (1/1) D:4

Altars:
Ashenzari
Cheibriados
Dithmenos
Elyvilon
Gozag
Hepliaklqana
Kikubaaqudgha
Nemelex Xobeh
Okawaru
Qazlal
Ru
Sif Muna
Uskayaw
Vehumet
Wu Jian
Xom
Yredelemnul

Annotations:
D:3 Daviar's ghost, amateur HOFi
D:5 Prince Ribbit


Innate Abilities, Weirdness & Mutations

Your experience applies equally to all skills.
You have very sharp teeth.
Your uncanny sense of smell can sniff out nearby items.
You have sharp fingernails.
You are partially covered in icy blue scales. (AC +2)
You tend to lose your temper in combat.
Your mind is acute. (Int +2)
You passively map a small area around you.


Message History

Prince Ribbit blinks!
You see here a leopard gecko corpse.
You hit Prince Ribbit.
Prince Ribbit is lightly wounded.
Prince Ribbit barely misses you. Prince Ribbit hits you.
* * * LOW HITPOINT WARNING * * *
You closely miss Prince Ribbit.
You bite Prince Ribbit, but do no damage.
Prince Ribbit is lightly wounded.
Prince Ribbit barely misses you.
You riposte.
You barely miss Prince Ribbit.
Prince Ribbit is lightly wounded.
You miss Prince Ribbit.
Prince Ribbit is lightly wounded.
Prince Ribbit hits you.
* * * LOW HITPOINT WARNING * * *
Prince Ribbit barely misses you.
You barely miss Prince Ribbit. You bite Prince Ribbit.
Prince Ribbit is lightly wounded.
Prince Ribbit barely misses you. Prince Ribbit hits you!
You die...

* .# * ..####### * ,
.......... # *
..........# #.### *
#.........# ,...
#.........# *
######.####.........#
.......@F.[..........
,..####..###[........#
*, #..##..........#
*,,,....##..........#
, .....##....#######
#......##.........# ,
#..##..##....####.#
##. #..##....# #.# *
#. #..##....####.#


You could see Prince Ribbit.

Vanquished Creatures
  Pikel (D:4)
  The ghost of Aviak the Ducker, an amateur MfAE (D:4)
  A slave (D:4)
  A phantom (D:4)
  2 howler monkeys
  4 orc priests
  Terence (D:3)
  A worker ant (D:4)
  Natasha (thrice) (D:2)
  2 orc wizards
  9 adders
  4 oozes
  5 worms
  3 dart slugs
  3 leopard geckos
  13 orcs
  2 ball pythons
  8 bats
  5 giant cockroaches
  5 goblins
  7 hobgoblins
  6 jackals
  A quokka (D:3)
  4 frilled lizards
  6 kobolds
  A quokka zombie (D:5)
  4 rats
103 creatures vanquished.

Vanquished Creatures (others)
  A slave (D:4)
  A quokka (D:4)
2 creatures vanquished.

Grand Total: 105 creatures vanquished

Notes
Turn   | Place    | Note
-------+----------+-------------------------------------------
     0 | D:1      | manyhoops the Gnoll Wanderer began the quest for the Orb.
     0 | D:1      | manyhoops set off with: a +2 quarterstaff, a potion of curing, a scroll of teleportation, a +0 robe, a +0 dagger, a ration
     0 | D:1      | Reached XP level 1. HP: 20/20 MP: 2/2
   184 | D:1      | Reached XP level 2. HP: 20/26 MP: 3/3
   609 | D:1      | Reached XP level 3. HP: 30/31 MP: 4/4
   933 | D:2      | Noticed Natasha
   938 | D:2      | Killed Natasha
   938 | D:2      | Reached skill level 1 in Invocations
   940 | D:2      | Found an iron altar of Okawaru.
   953 | D:2      | Reached skill level 1 in Short Blades
   953 | D:2      | Reached skill level 1 in Long Blades
   953 | D:2      | Reached skill level 1 in Axes
   953 | D:2      | Reached skill level 1 in Maces & Flails
   953 | D:2      | Reached skill level 1 in Polearms
   953 | D:2      | Reached skill level 1 in Slings
   953 | D:2      | Reached skill level 1 in Bows
   953 | D:2      | Reached skill level 1 in Crossbows
   953 | D:2      | Reached skill level 1 in Throwing
   953 | D:2      | Reached skill level 1 in Armour
   953 | D:2      | Reached skill level 1 in Shields
   953 | D:2      | Reached skill level 1 in Unarmed Combat
   953 | D:2      | Reached skill level 1 in Spellcasting
   953 | D:2      | Reached XP level 4. HP: 34/38 MP: 4/6
  1018 | D:2      | Found an opulent altar of Gozag.
  1174 | D:2      | Found a sacrificial altar of Ru.
  1178 | D:2      | Reached skill level 1 in Conjurations
  1178 | D:2      | Reached skill level 1 in Hexes
  1178 | D:2      | Reached skill level 1 in Charms
  1178 | D:2      | Reached skill level 1 in Summonings
  1178 | D:2      | Reached skill level 1 in Necromancy
  1178 | D:2      | Reached skill level 1 in Translocations
  1178 | D:2      | Reached skill level 1 in Transmutations
  1178 | D:2      | Reached skill level 1 in Fire Magic
  1178 | D:2      | Reached skill level 1 in Ice Magic
  1178 | D:2      | Reached skill level 1 in Air Magic
  1178 | D:2      | Reached skill level 1 in Earth Magic
  1178 | D:2      | Reached skill level 1 in Poison Magic
  1185 | D:2      | Reached XP level 5. HP: 40/43 MP: 7/7
  1302 | D:2      | Noticed Natasha
  1310 | D:2      | Killed Natasha
  1655 | D:2      | Noticed Natasha
  1663 | D:2      | Killed Natasha
  1768 | D:3      | Noticed Daviar's ghost (amateur HOFi)
  1817 | D:2      | Reached XP level 6. HP: 34/50 MP: 8/8
  2642 | D:3      | Noticed Terence
  2648 | D:3      | Killed Terence
  2648 | D:3      | Reached skill level 5 in Fighting
  3122 | D:4      | HP: 2/51 [orc priest/nerve-wracking pain (14)]
  3200 | D:4      | Reached XP level 7. HP: 17/56 MP: 10/10
  3623 | D:4      | Noticed Pikel
  3655 | D:4      | Killed Pikel
  3655 | D:4      | Reached skill level 7 in Staves
  3655 | D:4      | Reached XP level 8. HP: 14/63 MP: 10/12
  4032 | D:4      | Found a radiant altar of Vehumet.
  4032 | D:4      | Found a white marble altar of Elyvilon.
  4032 | D:4      | Found a white marble altar of Elyvilon.
  4033 | D:4      | Found an ancient bone altar of Kikubaaqudgha.
  4033 | D:4      | Found an ornate altar of the Wu Jian Council.
  4033 | D:4      | Found a shattered altar of Ashenzari.
  4034 | D:4      | Found a stormy altar of Qazlal.
  4038 | D:4      | Found a sparkling altar of Nemelex Xobeh.
  4039 | D:4      | Found a basalt altar of Yredelemnul.
  4039 | D:4      | Found an ornate altar of the Wu Jian Council.
  4040 | D:4      | Found a stormy altar of Qazlal.
  4040 | D:4      | Found a shimmering altar of Xom.
  4043 | D:4      | Found a staircase to the Ecumenical Temple.
  4050 | Temple   | Entered the Ecumenical Temple
  4311 | D:4      | Noticed Aviak's ghost (amateur MfAE)
  4330 | D:4      | Killed Aviak's ghost
  4940 | D:2      | Became a worshipper of Warmaster Okawaru
  5014 | D:5      | Entered Level 5 of the Dungeon
  5070 | D:5      | Found a sacrificial altar of Ru.
  5104 | D:5      | Noticed Prince Ribbit
  5117 | D:5      | Gained mutation: You are weak. (Str -2) [potion of mutation]
  5117 | D:5      | Gained mutation: You are partially covered in icy blue scales. (AC +2) [potion of mutation]
  5117 | D:5      | Gained mutation: You passively map a small area around you. [potion of mutation]
  5117 | D:5      | Gained mutation: You have sharp fingernails. [potion of mutation]
  5118 | D:5      | Lost mutation: You are weak. (Str -2) [potion of mutation]
  5118 | D:5      | Lost mutation: You passively map a small area around you. [potion of mutation]
  5118 | D:5      | Gained mutation: You passively map a small area around you. [potion of mutation]
  5118 | D:5      | Gained mutation: You tend to lose your temper in combat. [potion of mutation]
  5118 | D:5      | Gained mutation: Your mind is acute. (Int +2) [potion of mutation]
  5127 | D:5      | Slain by Prince Ribbit

Skill      XL: |  1  2  3  4  5  6  7  8 |
---------------+-------------------------+-----
Stealth        | 6 |  6.8
Invocations    | 1 2 3 |  3.5
Short Blades   | 1 2 3 |  3.2
Long Blades    | 1 2 3 |  3.2
Axes           | 1 2 3 |  3.2
Maces & Flails | 1 2 3 |  3.2
Polearms       | 1 2 3 |  3.2
Slings         | 1 2 3 |  3.2
Bows           | 1 2 3 |  3.2
Crossbows      | 1 2 3 |  3.2
Throwing       | 1 2 3 |  3.2
Armour         | 1 2 3 |  3.2
Shields        | 1 2 3 |  3.2
Unarmed Combat | 1 2 3 |  3.2
Spellcasting   | 1 2 3 |  3.2
Conjurations   | 1 2 |  2.6
Hexes          | 1 2 |  2.6
Charms         | 1 2 |  2.6
Summonings     | 1 2 |  2.6
Necromancy     | 1 2 |  2.6
Translocations | 1 2 |  2.6
Transmutations | 1 2 |  2.6
Fire Magic     | 1 2 |  2.6
Ice Magic      | 1 2 |  2.6
Air Magic      | 1 2 |  2.6
Earth Magic    | 1 2 |  2.6
Poison Magic   | 1 2 |  2.6
Dodging        | 3 4 |  4.2
Evocations     | 3 4 |  4.2
Fighting       | 5 |  5.6
Staves         | 7 |  7.3

Action                   |  1- 3 |  4- 6 |  7- 9 || total
-------------------------+-------+-------+-------++-------
Melee: Quarterstaff      |    50 |     3 |       ||    53
       Bite              |     5 |    20 |    15 ||    40
       Falchion          |       |   145 |    98 ||   243
       Punch             |       |     2 |     1 ||     3
  Use: Potion            |       |     6 |     2 ||     8
       Scroll            |       |     2 |     3 ||     5
 Stab: Sleeping          |     3 |    10 |     1 ||    14
       Invisible         |       |     1 |       ||     1
  Eat: Chunk             |       |     7 |     3 ||    10
       Ration            |       |       |     1 ||     1
Armor: Robe              |     3 |     8 |       ||    11
       Scale mail        |       |    36 |    54 ||    90
Dodge: Dodged            |    28 |   125 |    73 ||   226
       Rpst.: Falchion   |       |    34 |    24 ||    58
